 Dungeon Crawl Stone Soup version 0.23-a0-239-g84a5ed292d (webtiles) character file.

84 PikkenKukken the Skirmisher (level 4, -4/29 HPs)
             Began as a Gargoyle Fighter on Sept 26, 2018.
             Slain by an orc warrior
             ... wielding a +0 long sword
              (10 damage)
             ... on level 2 of the Dungeon.
             The game lasted 00:03:03 (1480 turns).

PikkenKukken the Skirmisher (Gargoyle Fighter)      Turns: 1480, Time: 00:03:03

Health: -4/29      AC: 14    Str: 25    XL:     4   Next: 46%
Magic:  4/4        EV:  6    Int:  9    God:
Gold:   75         SH:  9    Dex:  9    Spells: 3/3 levels left

rFire    . . .     SeeInvis .   a - +0 flail
rCold    . . .     Gourm    .   c - +0 shield
rNeg     + . .     Faith    .   l - +0 chain mail
rPois    ∞         Spirit   .   h - +2 hat
rElec    +         Reflect  .   (no cloak)
rCorr    .         Harm     .   (no gloves)
MR       .....                  (no boots)
Stlth    ..........             (no amulet)
HPRegen  0.09/turn              (no ring)
MPRegen  0.09/turn              (no ring)

@: mighty
A: negative energy resistance 1, electricity resistance, unbreathing,
petrification resistance, rot immunity, AC +3
a: no special abilities


You were on level 2 of the Dungeon.
You were very hungry.

You visited 1 branch of the dungeon, and saw 3 of its levels.

You collected 75 gold pieces.

Inventory:

Hand Weapons
 a - a +0 flail (weapon)
Armour
 b - a +0 scale mail
 c - a +0 shield (worn)
 h - a +2 hat (worn)
 l - a +0 chain mail (worn)
Wands
 d - a wand of flame (44)
Potions
 e - a potion of flight {unknown}
 g - a potion of invisibility {unknown}
 i - a potion of cancellation {unknown}
Comestibles
 f - 3 rations


   Skills:
 + Level 3.8 Fighting
 * Level 3.0 Maces & Flails
 + Level 3.8 Armour
 + Level 1.0 Dodging
 + Level 3.7 Shields


You had 3 spell levels left.
You didn't know any spells.
Your spell library was empty.

Dungeon Overview and Level Annotations

Branches:
Dungeon (3/15)

Altars:
Ashenzari
The Shining One


Innate Abilities, Weirdness & Mutations

You are resistant to torment.
Your stone body is resilient. (AC +3)
You are immune to poison.
You resist negative energy. (rN+)
You are resistant to electric shocks. (rElec)
You can survive without breathing.
You are immune to petrification.
You are immune to rotting.


Message History

Your shield and chain mail prevent you from hitting the orc.
The orc hits you but does no damage. You block the orc's attack.
You sock the orc!
You kill the orc!
There is a stone staircase leading down here.
There is a stone staircase leading down here.
d - a wand of flame (44)
You see here a glowing ring mail.
There is a stone staircase leading down here.
You climb downwards.
The orc warrior hits you with a long sword!
The orc hits you but does no damage.
There is a stone staircase leading up here.
The orc hits you but does no damage.
The orc warrior hits you with a long sword!
* * * LOW HITPOINT WARNING * * *
You climb upwards.
There is a stone staircase leading down here.
The orc warrior hits you with a long sword!
You die...

###### #.## #...........###.#
...## #..# #.........#.##..#
....#######.#####...........##.##
.....##................##...##.##
.....##..........########........
>....##..........#.o...........##
...................##....#.....##
......#.........o####....>[......
.....##.........@# #....#.....#.
.....##..........#########.....#.
.....##............##............
............#..............####..
..####.####...............<.# ###
..##.....##.......[.........#
..#.......#.................#
..#.......#.................#####
......_.....÷....................


You could see an orc warrior.

Vanquished Creatures
  Ijyb (D:2)
  An adder (D:2)
  2 worms (D:2)
  4 dart slugs
  An orc (D:2)
  A ball python (D:1)
  6 bats
  3 giant cockroaches
  2 hobgoblins
  2 jackals (D:1)
  4 kobolds
  A quokka (D:2)
  A frilled lizard (D:1)
  3 goblins (D:2)
  4 rats
36 creatures vanquished.

Notes
Turn   | Place    | Note
-------+----------+-------------------------------------------
     0 | D:1      | PikkenKukken the Gargoyle Fighter began the quest for the
                  | Orb.
     0 | D:1      | Reached XP level 1. HP: 14/14 MP: 1/1
    77 | D:1      | Reached XP level 2. HP: 19/19 MP: 2/2
   372 | D:1      | Reached XP level 3. HP: 23/23 MP: 3/3
   717 | D:2      | Found a shattered altar of Ashenzari.
   973 | D:2      | Found a glowing golden altar of the Shining One.
  1145 | D:2      | Reached XP level 4. HP: 29/29 MP: 4/4
  1278 | D:3      | Noticed Ijyb
  1278 | D:3      | Noticed an orc warrior
  1457 | D:2      | Killed Ijyb
  1457 | D:2      | Reached skill level 1 in Dodging
  1480 | D:2      | Slain by an orc warrior

Vault maps used:
D:1:      dpeg_arrival_shrine
D:2:      old_standard_altar, ashenzari_altar_1
D:3:      minmay_snake_closets, uniq_ijyb

Skill      XL: |  1  2  3  4 |
---------------+-------------+-----
Maces & Flails | 3 |  3.0
Dodging        | 1 |  1.0
Fighting       | |  3.8
Armour         | |  3.8
Shields        | |  3.7

Action                   |  1- 3 |  4- 6 || total
-------------------------+-------+-------++-------
Melee: Flail             |   141 |     9 ||   150
  Use: Scroll            |     4 |     2 ||     6
       Potion            |       |     1 ||     1
  Eat: Chunk             |     1 |       ||     1
Armor: Scale mail        |    99 |       ||    99
       Chain mail        |     1 |    11 ||    12
Dodge: Dodged            |    55 |     3 ||    58
Block: Shield            |    87 |     9 ||    96

Table legend:
 A = Non-vault XP
 B = Vault XP
 C = Vault XP percentage of total XP
 D = Non-vault monster count
 E = Vault monster count
 F = Vault count percentage of total count
                 A         B        C        D         E       F
            +---------+---------+-------+---------+---------+-------
      Total |      86 |      35 |  28.9 |      35 |       1 |   2.8
            +---------+---------+-------+---------+---------+-------
        D:1 |      39 |       0 |   0.0 |      19 |       0 |   0.0
        D:2 |      47 |      35 |  42.7 |      16 |       1 |   5.9
            +---------+---------+-------+---------+---------+-------
